 Dungeon Crawl Stone Soup version 0.30-a0-965-g42e074c17a (webtiles) character file.

Game seed: 15498876069956260797

51679 Orangeyouglad the Nimble (level 15, 0/117 HPs)
             Began as a Human Ice Elementalist on Mar 30, 2023.
             Was a Priest of the Shining One.
             Slain by an enormous slime creature (76 damage)
             ... on level 13 of the Dungeon on Mar 31, 2023.
             The game lasted 01:37:41 (25960 turns).

Orangeyouglad the Nimble (Human Ice Elementalist)  Turns: 25960, Time: 01:37:42

Health: 0/117      AC: 21    Str: 11    XL:     15   Next: 3%
Magic:  12/22      EV: 20    Int: 29    God:    the Shining One [***...]
Gold:   1172       SH:  0    Dex: 14    Spells: 9/24 levels left

rFire   . . .      SeeInvis .    B - +1 short sword (venom)
rCold   . . .      Faith    .    (no shield)
rNeg    + . .      Spirit   .    v - +3 ring mail of Uqazebb {rCorr Str+3}
rPois   .          Reflect  .    z - +0 helmet
rElec   .          Rampage  .    O - +0 cloak
rCorr   +                        g - +0 pair of gloves
Will    +....                    y - +0 pair of boots
Stlth   +                        x - amulet of regeneration
HPRegen 1.19/turn                o - +6 ring of intelligence
MPRegen 0.18/turn                p - +5 ring of evasion

@: ice-armoured, glowing
A: no striking features
a: Renounce Religion, Divine Shield, Cleansing Flame


You were on level 13 of the Dungeon.
You worshipped the Shining One.
The Shining One was most pleased with you.
You visited 3 branches of the dungeon, and saw 17 of its levels.
You also visited: Ossuary.

You collected 1172 gold pieces.

Inventory:

Hand Weapons
 B - a +1 short sword of venom (weapon)
 S - the +0 flail of Havugaor {heavy, Will+ SInv}
   (You found it on level 4 of the Lair of Beasts)

   SInv:      It lets you see invisible.
   Will:      It increases your willpower.
Missiles
 f - 30 poisoned darts
Armour
 g - a +0 pair of gloves (worn)
 i - a scarf of resistance
 s - +0 acid dragon scales
 t - a +2 leather armour of fire resistance
 v - the +3 ring mail of Uqazebb (worn) {rCorr Str+3}
   (You found it on level 3 of the Dungeon)

   Str:       It affects your strength (+3).
   rCorr:     It protects you from acid and corrosion.
 y - a +0 pair of boots (worn)
 z - a +0 helmet (worn)
 O - a +0 cloak (worn)
Jewellery
 e - an amulet of the acrobat
 j - a ring of protection from fire
 k - an amulet of guardian spirit
 m - a ring of see invisible
 o - a +6 ring of intelligence (left hand)
 p - a +5 ring of evasion (right hand)
 x - an amulet of regeneration (around neck)
 A - a ring of ice
 J - a +5 ring of evasion
 P - an amulet of reflection
 T - a ring of wizardry
 V - a ring of magical power
 X - an amulet of faith
Wands
 G - a wand of charming (6)
 N - a wand of digging (8)
 U - a wand of roots (7)
Scrolls
 c - 2 scrolls of magic mapping {unknown}
 n - 4 scrolls of immolation
 u - 3 scrolls of vulnerability
 D - 4 scrolls of enchant armour
 F - a scroll of enchant weapon
 H - 3 scrolls of summoning
 I - a scroll of silence {unknown}
 K - a scroll of amnesia {unknown}
 M - a scroll of blinking {unknown}
 Q - 4 scrolls of fog
 R - a scroll of fear
 W - 3 scrolls of identify
Potions
 a - 4 potions of might {unknown}
 b - 5 potions of berserk rage
 d - 6 potions of flight
 h - 9 potions of curing
 l - 4 potions of lignification
 q - a potion of brilliance {unknown}
 r - 5 potions of haste
 w - 7 potions of mutation {unknown}
 E - 3 potions of heal wounds {unknown}
Miscellaneous
 L - a lightning rod (4/4)


   Skills:
 + Level 10.4 Fighting
 - Level 9.0 Armour
 + Level 11.7 Dodging
 - Level 4.4 Stealth
 - Level 5.0 Spellcasting
 - Level 5.0 Conjurations
 - Level 9.0 Summonings
 - Level 8.1 Ice Magic
 - Level 7.5 Air Magic
 + Level 9.9 Invocations


You had 9 spell levels left.
You knew the following spells:

 Your Spells              Type           Power      Damage    Failure   Level
a - Freeze                Ice            100%       1d10      1%          1
b - Frozen Ramparts       Ice            100%       1d16      1%          3
c - Ozocubu's Armour      Ice            53%        N/A       1%          3
d - Shock                 Conj/Air       100%       1d9       1%          1
e - Swiftness             Air            50%        N/A       1%          3
f - Summon Ice Beast      Ice/Summ       54%        N/A       3%          4

Your spell library contained the following spells:

 Spells                   Type           Power      Damage    Failure   Level
 Ensorcelled Hibernation  Hex/Ice        60%        N/A       3%          2
 Airstrike                Air            25%        2d(4-20)  6%          4
 Momentum Strike          Conj/Tloc      42%        3d9       7%          2
 Blink                    Tloc           14%        N/A       19%         2
 Lesser Beckoning         Tloc           14%        N/A       19%         2
 Scorch                   Fire           14%        2d6       19%         2
 Ice Form                 Ice/Tmut       30%        N/A       24%         4
 Flame Wave               Conj/Fire      21%        2d8       41%         4
 Summon Cactus Giant      Summ           28%        N/A       43%         6
 Leda's Liquefaction      Hex/Erth       3%         N/A       77%         4
 Shatter                  Erth           3%         3d7*      100%        9


Dungeon Overview and Level Annotations

Branches:
Dungeon (13/15)            Temple (1/1) D:7            Lair (5/5) D:8
 Shoals (0/4) Lair:2       Spider (0/4) Lair:3        Slime (0/5) Lair:4
Ossuary (visited)
    Orc: D:9-12      Vaults: D:13-14

Altars:
Ashenzari
Cheibriados
Dithmenos
Elyvilon
Fedhas
Gozag
Hepliaklqana
Kikubaaqudgha
Makhleb
Nemelex Xobeh
Okawaru
Qazlal
Ru
Sif Muna
Trog
Uskayaw
Vehumet
Wu Jian
Xom
Yredelemnul
Zin
The Shining One
Jiyva

Shops:
D:3 =   D:9 *

Annotations:
D:6 1 runed translucent door, billz999's ghost, novice TrFi
Lair:2 2 transporters, GloriousHammer's ghost, journeyman TrFi
Lair:3 2 transporters, Veicad's ghost, journeyman OgCA


Message History

The enormous slime creature misses you.
Casting: Frozen Ramparts (safe; 1% risk of failure)
Confirm with . or Enter, or press ? or * to list all spells.
Aiming: Freeze (safe; 1% risk of failure)
Press: ? - help, Shift-Dir - straight line, f - enormous slime creature
Aim: an enormous slime creature (severely wounded, haloed)
You freeze the enormous slime creature.
The enormous slime creature is severely wounded.
A wraith comes into view.
The wall freezes the enormous slime creature!
The enormous slime creature hits you!!
Casting: Freeze (safe; 1% risk of failure)
Confirm with . or Enter, or press ? or * to list all spells.
Aiming: Freeze (safe; 1% risk of failure)
Press: ? - help, Shift-Dir - straight line, f/p - enormous slime creature
Aim: an enormous slime creature (severely wounded, haloed)
You freeze the enormous slime creature.
The enormous slime creature is severely wounded.
The wall freezes the enormous slime creature!
The enormous slime creature closely misses you.
The wraith resists.
The wall freezes the wraith.
Casting: Freeze (safe; 1% risk of failure)
Confirm with . or Enter, or press ? or * to list all spells.
Aiming: Freeze (safe; 1% risk of failure)
Press: ? - help, Shift-Dir - straight line, f/p - enormous slime creature
Aim: an enormous slime creature (almost dead, haloed)
You freeze the enormous slime creature.
The enormous slime creature is almost dead.
The frozen ramparts melt away.
The wraith closely misses you.
The enormous slime creature closely misses you.
Casting: Freeze (safe; 1% risk of failure)
Confirm with . or Enter, or press ? or * to list all spells.
Aiming: Freeze (safe; 1% risk of failure)
Press: ? - help, Shift-Dir - straight line, f/p - enormous slime creature
Aim: an enormous slime creature (almost dead, haloed)
You freeze the enormous slime creature.
The enormous slime creature is almost dead.
The enormous slime creature hits you!!!!
Ouch! That really hurt!
You die...

.########.
..#..##.# #.# ##
#.#...#)# #.#
#.#....(# #.#
#.#..##.# #.#
#.#...#.#####.#####
#.#..........).....
#.#..###.........##
#W#.# #.........#
#@#.# #.........#
#J#.# #.........#
#.#.# #.........#
#.#.# #.........#
#.#.# #.........#
..#.. #.........#
###


You could see an enormous slime creature and a wraith.

Vanquished Creatures
  2 fire dragons
  2 hydras
  2 boulder beetles
  2 centaur warriors (D:13)
  3 catoblepae
  2 two-headed ogres
  9 death yaks (Lair:5)
  Urug (Lair:2)
  A skyshark (Lair:5)
  A lindwurm (Lair:5)
  A cyclops (D:13)
  Maurice (D:9)
  6 black mambas
  A merfolk siren (Lair:2)
  2 elephants
  A torpor snail (Lair:5)
  9 cane toads
  3 molten gargoyles (Lair:5)
  A yaktaur (D:13)
  10 komodo dragons
  An unseen horror (D:13)
  11 rime drakes (Lair:4)
  3 merfolk (Lair:2)
  4 trolls
  4 polar bears
  A slime creature (D:13)
  11 blink frogs
  A water elemental (D:13)
  A shadow (D:13)
  2 wraiths
  4 wyverns
  Sigmund (D:3)
  27 yaks
  8 steam dragons
  5 basilisks
  2 vampire mosquitoes (D:10)
  An acid dragon (D:10)
  Edmund (D:5)
  12 water moccasins
  A nameless horror (Lair:1)
  3 hell hounds (Lair:5)
  4 sky beasts
  4 orc warriors
  10 wolves
  12 centaurs
  A phantom (D:5)
  Blork the orc (D:5)
  8 bullfrogs
  3 gnoll sergeants
  4 wyvern zombies (Ossuary)
  2 scorpions
  8 wights
  A water moccasin zombie (Ossuary)
  13 killer bees
  2 howler monkeys
  2 electric eels (D:13)
  A howler monkey (shapeshifter) (D:13)
  3 centaur zombies (Ossuary)
  5 lava snakes (Lair:5)
  2 bullfrog zombies (Ossuary)
  5 orc priests
  3 gnoll boudas
  6 hounds
  7 jellies
  2 sleepcaps
  6 iguanas
  12 orc wizards
  5 killer bee zombies (Ossuary)
  17 mummies (Ossuary)
  3 howler monkey zombies (Ossuary)
  20 gnolls
  12 adders
  2 shadow imps
  5 white imps
  2 ufetubi
  2 worms (D:4)
  4 dart slugs
  37 orcs
  6 bats
  9 endoplasms
  4 giant cockroaches
  8 hobgoblins
  6 jackals
  11 kobolds
  5 quokkas
  13 ball pythons
  3 frilled lizards
  9 goblins
  6 rats
480 creatures vanquished.

Vanquished Creatures (collateral kills)
  A hydra (Lair:5)
  An elephant (Lair:1)
  2 black mambas
  A cane toad (Lair:5)
  A polar bear (Lair:3)
  10 yaks
  A water moccasin (Lair:3)
  An adder (Lair:3)
18 creatures vanquished.

Vanquished Creatures (others)
  2 rime drakes (Lair:4)
  A yak (Lair:1)
  A bush (Lair:5)
  32 fungi
  122 plants
  5 withered plants
163 creatures vanquished.

Grand Total: 661 creatures vanquished

Notes
Turn   | Place    | Note
-------+----------+-------------------------------------------
     0 | D:1      | Orangeyouglad the Human Ice Elementalist began the quest
                  | for the Orb.
     0 | D:1      | Reached XP level 1. HP: 13/13 MP: 3/3
   218 | D:1      | Reached XP level 2. HP: 17/19 MP: 1/5
   701 | D:1      | Reached XP level 3. HP: 24/24 MP: 3/6
   767 | D:1      | Learned a level 3 spell: Frozen Ramparts
   874 | D:1      | Found a faded altar of an unknown god.
  1301 | D:2      | Reached XP level 4. HP: 30/30 MP: 4/7
  2058 | D:2      | Learned a level 3 spell: Ozocubu's Armour
  2142 | D:3      | Reached skill level 3 in Dodging
  2142 | D:3      | Reached XP level 5. HP: 22/35 MP: 5/9
  2480 | D:3      | Noticed Sigmund
  2502 | D:3      | Killed Sigmund
  2503 | D:3      | Reached skill level 5 in Ice Magic
  2503 | D:3      | Reached XP level 6. HP: 28/41 MP: 6/11
  3134 | D:3      | Identified the +3 ring mail of Uqazebb {rCorr Str+3}
  3144 | D:3      | Found Kerusabi's Jewellery Shoppe.
  3603 | D:4      | Reached XP level 7. HP: 14/46 MP: 1/12
  3782 | D:4      | Reached skill level 4 in Dodging
  4538 | D:4      | Reached skill level 1 in Armour
  4538 | D:4      | Reached XP level 8. HP: 52/52 MP: 10/14
  4601 | D:4      | Learned a level 1 spell: Shock
  4995 | D:5      | Entered Level 5 of the Dungeon
  5031 | D:5      | Found a sand-covered staircase.
  5036 | D:5      | Noticed Blork the orc
  5040 | Ossuary  | Entered an ossuary
  5152 | Ossuary  | Reached skill level 5 in Dodging
  5187 | Ossuary  | Reached skill level 1 in Conjurations
  5187 | Ossuary  | Reached skill level 1 in Air Magic
  5563 | Ossuary  | Reached XP level 9. HP: 54/57 MP: 8/15
  5982 | Ossuary  | Reached skill level 6 in Dodging
  6161 | D:5      | Killed Blork the orc
  6722 | D:5      | Noticed Edmund
  6911 | D:5      | Killed Edmund
  7003 | D:5      | Upgraded the game from 0.30-a0-956-gcec3b41aec to
                  | 0.30-a0-965-g42e074c17a
  7294 | D:5      | Found a burning altar of Makhleb.
  7313 | D:5      | Found a broken altar of Ashenzari.
  8254 | D:6      | Found a runed translucent door.
  8256 | D:6      | Noticed a two-headed ogre
  8256 | D:6      | Noticed billz999's ghost (novice TrFi)
  8664 | D:7      | Reached skill level 5 in Armour
  8820 | D:7      | Reached XP level 10. HP: 58/63 MP: 3/16
  8821 | D:7      | Reached skill level 7 in Dodging
  9003 | D:7      | Reached skill level 5 in Conjurations
  9003 | D:7      | Reached skill level 5 in Air Magic
  9073 | D:7      | Reached skill level 1 in Fighting
  9073 | D:7      | Identified the +0 scale mail of a wizard's laboratory {rC+
                  | Slay+2}
  9396 | D:7      | Reached skill level 5 in Spellcasting
  9402 | D:7      | Learned a level 3 spell: Swiftness
  9567 | D:7      | Found a staircase to the Ecumenical Temple.
  9573 | Temple   | Entered the Ecumenical Temple
  9959 | Temple   | Became a worshipper of the Shining One
 10371 | D:8      | Reached skill level 8 in Dodging
 10493 | D:8      | Noticed a two-headed ogre
 10521 | D:7      | Reached XP level 11. HP: 39/75 MP: 5/18
 11559 | D:8      | Found a staircase to the Lair.
 11586 | D:8      | Reached * piety under the Shining One
 11782 | D:8      | Learned a level 4 spell: Summon Ice Beast
 11786 | Lair:1   | Entered Level 1 of the Lair of Beasts
 11786 | Lair:1   | Noticed an elephant
 11786 | Lair:1   | Noticed an elephant
 11786 | Lair:1   | Noticed an elephant
 12043 | D:9      | Reached skill level 1 in Summonings
 12610 | D:9      | Noticed Maurice
 12629 | D:9      | Killed Maurice
 12630 | D:9      | Reached skill level 5 in Fighting
 12780 | D:9      | Found Vuhichao's Assorted Antiques.
 12827 | D:9      | Reached skill level 1 in Invocations
 13383 | D:10     | Entered Level 10 of the Dungeon
 13383 | D:10     | Noticed a six-headed hydra
 13603 | D:8      | Killed an elephant
 13604 | D:8      | Reached skill level 9 in Dodging
 13620 | D:8      | Killed a two-headed ogre
 13786 | Lair:1   | Killed an elephant
 13794 | Lair:1   | Killed an elephant
 14094 | Lair:1   | Reached XP level 12. HP: 68/88 MP: 13/19
 14366 | Lair:1   | Noticed a catoblepas
 15078 | Lair:2   | Noticed Urug
 15097 | Lair:2   | Killed Urug
 15391 | Lair:2   | Reached skill level 10 in Dodging
 15406 | Lair:2   | Reached skill level 5 in Invocations
 15420 | Lair:2   | Reached skill level 5 in Summonings
 15760 | Lair:2   | Found a transporter.
 15766 | Lair:2   | Found a transporter.
 15771 | Lair:2   | Noticed a spriggan rider
 15772 | Lair:2   | Found a bloodstained altar of Trog.
 15772 | Lair:2   | Noticed GloriousHammer's ghost (journeyman TrFi)
 15772 | Lair:2   | Reached ** piety under the Shining One
 15772 | Lair:2   | Found the amulet of Vitality {RegenMP++ Regen++}
 15772 | Lair:2   | Noticed a spriggan rider
 15783 | Lair:2   | Noticed a boulder beetle
 15827 | Lair:2   | Killed a boulder beetle
 16773 | Lair:2   | Found a staircase to the Shoals.
 16931 | Lair:3   | Noticed a catoblepas
 17040 | Lair:3   | You fall into a shaft and drop 2 floors!
 17040 | Lair:5   | Entered Level 5 of the Lair of Beasts
 17050 | Lair:5   | Noticed a skyshark
 17050 | Lair:5   | Noticed a four-headed hydra
 17064 | Lair:5   | Killed a four-headed hydra
 17064 | Lair:5   | Killed a skyshark
 17353 | Lair:5   | Reached XP level 13. HP: 80/98 MP: 10/20
 18073 | Lair:5   | Found a large runed translucent door.
 18283 | Lair:5   | Noticed an eight-headed hydra
 18724 | Lair:4   | Found a viscous altar of Jiyva.
 18724 | Lair:4   | Found a staircase to the Slime Pits.
 19011 | Lair:3   | Found a hole to the Spider Nest.
 19768 | Lair:3   | Found a transporter.
 19768 | Lair:3   | Noticed Veicad's ghost (journeyman OgCA)
 19908 | Lair:3   | Found a transporter.
 20642 | Lair:4   | Identified the +0 flail of Havugaor {heavy, Will+ SInv}
 20870 | Lair:4   | Noticed a fire dragon
 20882 | Lair:4   | Reached XP level 14. HP: 100/108 MP: 6/21
 22318 | Lair:5   | Reached skill level 11 in Dodging
 23143 | Lair:5   | Found a large runed translucent door.
 24195 | Lair:1   | Reached skill level 10 in Fighting
 24779 | D:10     | Reached *** piety under the Shining One
 24876 | D:10     | You fall into a shaft and drop 3 floors!
 25440 | D:13     | Got Bedeocha's Incunable of the Ironbound Evil Eye
 25719 | D:13     | Reached XP level 15. HP: 117/117 MP: 6/22
 25960 | D:13     | Slain by an enormous slime creature

Illustrated notes

Levels and vault maps discovered:
D:1:      amcnicky_arrival_blooded_trapdoor, layout_loops_cross,
          shapermc_ecumenical_altar_flowoftime
D:2:      layout_basic
D:3:      corexii_shack_village, layout_basic, serial_shops,
          nicolae_shop_waterfront, uniq_sigmund
D:4:      layout_basic, minmay_quadrilaterals
D:5:      layout_gridville, kennysheep_mini, bloody_makhleb,
          nicolae_ossuary_entry_monument, amethyst_killhole, uniq_edmund,
          uniq_blork_the_orc
D:6:      layout_loops_corners, ebering_ghost_inner_flame
D:7:      nzn_winding_woodlands_small [nzn_winding_woodlands_5x15_concentric,
          nzn_winding_woodlands_center_triple_pond,
          nzn_winding_woodlands_5x15_eye], layout_loops_ring,
          minmay_temple_entry_hall, grunt_ministairs_10
D:8:      layout_loops_ring, david_lair_shrubbed
D:9:      layout_gridville, serial_shops,
          nicolae_shop_competitors_out_of_business, uniq_maurice
D:10:     layout_roguey, lightli_wizard_tower
D:13:     minmay_distorted_concentric_squares, layout_small_grid,
          david_vaults_2, serial_bayou, serial_bayou_shore_b,
          serial_bayou_shore_a, serial_bayou_lake_a, serial_bayou_pond_d,
          serial_bayou_crossing
Temple:   mainiacjoe_temple_cubbyholes
Lair:1:   layout_cave_pods, grunt_megastairs_5, lemuel_fruit_tree,
          lemuel_fruit_fields
Lair:2:   layout_hall_layers, elwin_shoals_entry_stream,
          gammafunk_ghost_wrathful_warriors, uniq_urug
Lair:3:   layout_regular_city, dummy_spider_entry, gammafunk_ghost_arena,
          cheibrodos_lair_reptile_den
Lair:4:   layout_regular_city, nicolae_slime_entry_slimehenge, minivault_26,
          bobbens_dragon_lair_wall
Lair:5:   cheibrodos_lair_end_hotspot, layout_cave_pods,
          hangedman_lair_unloving_vines

Skill      XL: |  1  2  3  4  5  6  7  8  9 10 11 12 13 14 |
---------------+-------------------------------------------+-----
Stealth        | 3 4 |  4.4
Dodging        | 3 4 5 6 8 9 10 11 | 11.7
Spellcasting   | 3 4 5 |  5.0
Ice Magic      | 5 6 8 |  8.1
Armour         | 1 3 5 6 7 9 |  9.0
Conjurations   | 2 4 5 |  5.0
Air Magic      | 2 4 5 6 7 |  7.5
Fighting       | 3 6 7 9 10 | 10.4
Summonings     | 3 5 7 9 |  9.0
Invocations    | 3 6 8 9 |  9.9

Action                     |  1- 3 |  4- 6 |  7- 9 | 10-12 | 13-15 || total
---------------------------+-------+-------+-------+-------+-------++-------
  Melee: Dagger            |    14 |    16 |     7 |       |       ||    37
         Short sword       |       |       |   313 |   134 |   340 ||   787
         Punch             |       |       |     6 |     5 |     5 ||    16
  Throw: Dart              |       |     4 |       |       |       ||     4
   Cast: Freeze            |    34 |    37 |    24 |    94 |    76 ||   265
         Frozen Ramparts   |     2 |    16 |    24 |    51 |    86 ||   179
         Ozocubu's Armour  |       |     3 |    23 |    42 |    66 ||   134
         Shock             |       |       |   166 |   138 |    94 ||   398
         Swiftness         |       |       |       |     2 |     1 ||     3
         Summon Ice Beast  |       |       |       |     3 |    18 ||    21
 Invoke: Divine Shield     |       |       |       |     5 |     3 ||     8
  Evoke: Wand              |       |       |    11 |    16 |     1 ||    28
         Lightning rod     |       |       |       |     7 |     1 ||     8
    Use: Potion            |       |     1 |     2 |     3 |       ||     6
         Scroll            |       |       |     7 |    10 |     5 ||    22
   Stab: Sleeping          |     5 |     1 |     3 |       |       ||     9
 Armour: Robe              |     6 |     7 |       |       |       ||    13
         Ring mail         |       |     1 |   214 |   147 |   327 ||   689
  Dodge: Dodged            |    24 |    77 |   584 |   482 |   763 ||  1930
  Block: Other             |       |       |       |    20 |    42 ||    62

Table legend: (Time is in decaauts)
 A = Elapsed time spent in this place.
 B = Non-inter-level travel time spent in this place.
 C = Inter-level travel time spent in this place.
 D = Time resting spent in this place.
 E = Time spent auto-exploring this place.
 F = Levels seen in this place.
 G = Mean time per level.
                   A        B        C        D        E       F      G
               +--------+--------+--------+--------+--------+-----+--------+
         Total |  26018 |  25133 |    885 |   7408 |  10623 |  18 | 1445.4 |
       Dungeon |  13843 |  13355 |    488 |   3018 |   6606 |  11 | 1258.5 |
        Temple |    412 |    367 |     45 |      0 |    289 |   1 |  412.0 |
          Lair |  10625 |  10273 |    352 |   3914 |   3676 |   5 | 2125.0 |
       Ossuary |   1135 |   1135 |      0 |    476 |     52 |   1 | 1135.0 |
               +--------+--------+--------+--------+--------+-----+--------+

Top non-repeatable levels by time:
  Lair:5: 3116 daAuts
  Lair:4: 2332 daAuts
  Lair:2: 2194 daAuts
  Lair:1: 1641 daAuts
     D:9: 1634 daAuts
     D:4: 1564 daAuts
     D:8: 1553 daAuts
     D:7: 1533 daAuts
     D:5: 1409 daAuts
     D:3: 1366 daAuts
  Lair:3: 1340 daAuts
 Ossuary: 1135 daAuts
    D:13: 1091 daAuts
     D:6: 1077 daAuts
     D:1: 1076 daAuts
